 Dungeon Crawl Stone Soup version 0.19.0-24-gb05acd6 (webtiles) character file.

35 Antunes the Vandal (level 3, 0/30 HPs)
             Began as a Hill Orc Hunter on Nov 20, 2016.
             Succumbed to an adder's poison
             ... on level 1 of the Dungeon.
             The game lasted 00:05:11 (1111 turns).

Antunes the Vandal (Hill Orc Hunter)                Turns: 1111, Time: 00:05:12

Health: 0/30       AC:  5    Str: 14    XL:     3   Next: 33%
Magic:  3/3        EV: 10    Int: 16    God:
Gold:   0          SH:  0    Dex: 12    Spells: 0 memorised, 2 levels left

rFire  . . .     SeeInvis .     d - +0 short sword
rCold  . . .     Gourm    .     e - +0 ring mail
rNeg   . . .     Faith    .     (no shield)
rPois  .         Spirit   .     (no helmet)
rElec  .         Reflect  .     (no cloak)
rCorr  .         Harm     .     (no gloves)
MR     .....                    (no boots)
Stlth  +.........               (no amulet)
                                (no ring)
                                (no ring)

@: brilliant, lethally poisoned (0 -> -2), very slightly contaminated, hasted,
very quick
A: no striking features
a: no special abilities


You were on level 1 of the Dungeon.
You were not hungry.

You visited 1 branch of the dungeon, and saw 2 of its levels.

Inventory:

Hand Weapons
 d - a +0 short sword (weapon)
 l - a +0 dagger
   (You took it off a goblin on level 1 of the Dungeon)
 s - a +1 hunting sling
Missiles
 a - 39 stones (quivered)
 b - 18 sling bullets
 c - 11 poisoned needles
Armour
 e - a +0 ring mail (worn)
   (You found it on level 1 of the Dungeon)
Scrolls
 h - 2 scrolls of magic mapping {unknown}
 j - a scroll of fear {unknown}
Potions
 k - 2 potions of haste


   Skills:
 * Level 2.9 Fighting
 + Level 0.8 Short Blades
 + Level 4.0 Slings
 * Level 0.4 Armour
 * Level 1.5 Dodging
 * Level 1.3 Stealth


You had 2 spell levels left.
You didn't know any spells.

Dungeon Overview and Level Annotations

Branches:
Dungeon (2/15)

Altars:


Message History

The adder bites you.
You are more poisoned.
The adder poisons you!
You hit the adder.
The adder is almost dead.
You feel sick. The adder misses you. x2
You miss the adder.
The adder is almost dead.
You feel sick. The adder bites you.
You are lethally poisoned!
The adder poisons you!
You miss the adder.
The adder is almost dead.
You feel sick. The adder barely misses you. The adder completely misses you.
You hit the adder.
You kill the adder!
Your Slings skill increases to level 4!
* * * LOW HITPOINT WARNING * * *
You feel sick.
* * * LOW HITPOINT WARNING * * *
You feel sick.
You see here an adder corpse.
It was a potion of haste.
You feel yourself speed up.
* * * LOW HITPOINT WARNING * * *
You feel sick.
You are very lightly contaminated with residual magic.
It was a potion of brilliance.
You feel clever all of a sudden.
There is a lethal amount of poison in your body!
There is a lethal amount of poison in your body!
* * * LOW HITPOINT WARNING * * *
You feel sick.
* * * LOW HITPOINT WARNING * * *
You feel sick.
* * * LOW HITPOINT WARNING * * *
You feel sick.
* * * LOW HITPOINT WARNING * * *
You feel sick.
* * * LOW HITPOINT WARNING * * *
You feel sick.
* * * LOW HITPOINT WARNING * * *
You feel sick.
You start eating the bread ration.
You continue eating. x2
You finish eating.
That bread ration really hit the spot!
* * * LOW HITPOINT WARNING * * *
You feel sick.
* * * LOW HITPOINT WARNING * * *
You feel sick.
You die...

#.##.#.# #......# ##..[###.
#......# #.#..#.# ##.....##.
##.##.### #.#.##.## ##.......#.
##...#.#####.#.#...####..........
......................'.....)....
##...#.#####.###...####.........#
##.##.# #......## ##.......##
###..# #####.## ##.....## #.##
#@# ##...## #.# #.# ##+#####
#####.# #.# ##### #...... ...##†#
#.# #...# #...... ##.##.# #.#
#)#.###....>. ##.##.#
#.####.#.........† ##.##.#
#.#....#.......... .#.##.#
#...#######....... ...##.#
###....#..........


There were no monsters in sight!

Vanquished Creatures
  Monster Symbol All 'K'
  2 kobolds (D:1)
2 creatures vanquished. All 'S' An adder (D:1) A ball python (D:1)
2 creatures vanquished. All 'b' A bat (D:1)
1 creature vanquished. All 'g' A goblin (D:1) 9 hobgoblins (D:1)
10 creatures vanquished. All 'l' A leopard gecko (D:1) 2 frilled lizards (D:1)
3 creatures vanquished. All 'r' 2 rats (D:1)
2 creatures vanquished. All 's' A giant cockroach (D:1)
1 creature vanquished. All 'w' A dart slug (D:1)
1 creature vanquished.
22 creatures vanquished. Monster Nature Natural Monsters An adder (D:1) A dart slug (D:1) A leopard gecko (D:1) A giant cockroach (D:1) A goblin (D:1) 9 hobgoblins (D:1) A ball python (D:1) A bat (D:1) 2 frilled lizards (D:1) 2 kobolds (D:1) 2 rats (D:1)
22 creatures vanquished.
22 creatures vanquished. Ascending Order An adder (D:1) A dart slug (D:1) A leopard gecko (D:1) A goblin (D:1) A giant cockroach (D:1) A bat (D:1) A ball python (D:1) 2 frilled lizards (D:1) 2 rats (D:1) 2 kobolds (D:1) 9 hobgoblins (D:1)
22 creatures vanquished.

Notes
Turn   | Place    | Note
-------+----------+-------------------------------------------
     0 | D:1      | Antunes the Hill Orc Hunter began the quest for the Orb.
     0 | D:1      | Reached XP level 1. HP: 18/18 MP: 1/1
   241 | D:1      | Reached skill level 1 in Stealth
   241 | D:1      | Reached XP level 2. HP: 25/25 MP: 2/2
   818 | D:1      | Reached XP level 3. HP: 21/30 MP: 3/3
  1080 | D:1      | Reached skill level 4 in Slings
  1082 | D:1      | HP: 7/30 [poisoned by an adder]
  1088 | D:1      | HP: 5/30 [poisoned by an adder]
  1093 | D:1      | HP: 3/30 [poisoned by an adder]
  1101 | D:1      | HP: 1/30 [poisoned by an adder]
  1111 | D:1      | Succumbed to an adder's poison

Skill      XL: |  1  2  3 |
---------------+----------+-----
Stealth        | 1 |  1.3
Slings         | 4 |  4.0
Fighting       | |  2.9
Short Blades   | |  0.8
Armour         | |  0.4
Dodging        | |  1.5

Action                   || total
-------------------------++-------
Melee: Short sword       ||    81
 Fire: Hunting sling     ||    18
  Use: Scroll            ||     2
       Potion            ||     2
  Eat: Bread ration      ||     1
Armor: Leather armour    ||     2
       Ring mail         ||    25
Dodge: Dodged            ||    42
Dungeon Crawl Stone Soup version 0.19.0-24-gb05acd6 (webtiles) character file. 35 Antunes the Vandal (level 3, 0/30 HPs) Began as a Hill Orc Hunter on Nov 20, 2016. Succumbed to an adder's poison ... on level 1 of the Dungeon. The game lasted 00:05:11 (1111 turns). Dungeon Overview and Level Annotations Branches: Dungeon (2/15) Altars: Antunes the Vandal (Hill Orc Hunter) Turns: 1111, Time: 00:05:12 Health: 0/30 AC: 5 Str: 14 XL: 3 Next: 33% Magic: 3/3 EV: 10 Int: 16 God: Gold: 0 SH: 0 Dex: 12 Spells: 0 memorised, 2 levels left rFire . . . SeeInvis . d - +0 short sword rCold . . . Gourm . e - +0 ring mail rNeg . . . Faith . (no shield) rPois . Spirit . (no helmet) rElec . Reflect . (no cloak) rCorr . Harm . (no gloves) MR ..... (no boots) Stlth +......... (no amulet) (no ring) (no ring) @: brilliant, lethally poisoned (0 -> -2), very slightly contaminated, hasted, very quick A: no striking features a: no special abilities Skills: * Level 2.9 Fighting + Level 0.8 Short Blades + Level 4.0 Slings * Level 0.4 Armour * Level 1.5 Dodging * Level 1.3 Stealth You had 2 spell levels left. You didn't know any spells. You were on level 1 of the Dungeon. You were not hungry. You visited 1 branch of the dungeon, and saw 2 of its levels. There were no monsters in sight! Message History The adder bites you. You are more poisoned. The adder poisons you! You hit the adder. The adder is almost dead. You feel sick. The adder misses you. x2 You miss the adder. The adder is almost dead. You feel sick. The adder bites you. You are lethally poisoned! The adder poisons you! You miss the adder. The adder is almost dead. You feel sick. The adder barely misses you. The adder completely misses you. You hit the adder. You kill the adder! Your Slings skill increases to level 4! * * * LOW HITPOINT WARNING * * * You feel sick. * * * LOW HITPOINT WARNING * * * You feel sick. You see here an adder corpse. It was a potion of haste. You feel yourself speed up. * * * LOW HITPOINT WARNING * * * You feel sick. You are very lightly contaminated with residual magic. It was a potion of brilliance. You feel clever all of a sudden. There is a lethal amount of poison in your body! There is a lethal amount of poison in your body! * * * LOW HITPOINT WARNING * * * You feel sick. * * * LOW HITPOINT WARNING * * * You feel sick. * * * LOW HITPOINT WARNING * * * You feel sick. * * * LOW HITPOINT WARNING * * * You feel sick. * * * LOW HITPOINT WARNING * * * You feel sick. * * * LOW HITPOINT WARNING * * * You feel sick. You start eating the bread ration. You continue eating. x2 You finish eating. That bread ration really hit the spot! * * * LOW HITPOINT WARNING * * * You feel sick. * * * LOW HITPOINT WARNING * * * You feel sick. You die...

Action                   || total
-------------------------++-------
Melee: Short sword       ||    81
 Fire: Hunting sling     ||    18
  Use: Scroll            ||     2
       Potion            ||     2
  Eat: Bread ration      ||     1
Armor: Leather armour    ||     2
       Ring mail         ||    25
Dodge: Dodged            ||    42
Notes Turn | Place | Note
-------+----------+-------------------------------------------
0 | D:1 | Antunes the Hill Orc Hunter began the quest for the Orb. 0 | D:1 | Reached XP level 1. HP: 18/18 MP: 1/1 241 | D:1 | Reached skill level 1 in Stealth 241 | D:1 | Reached XP level 2. HP: 25/25 MP: 2/2 818 | D:1 | Reached XP level 3. HP: 21/30 MP: 3/3 1080 | D:1 | Reached skill level 4 in Slings 1082 | D:1 | HP: 7/30 [poisoned by an adder] 1088 | D:1 | HP: 5/30 [poisoned by an adder] 1093 | D:1 | HP: 3/30 [poisoned by an adder] 1101 | D:1 | HP: 1/30 [poisoned by an adder] 1111 | D:1 | Succumbed to an adder's poison

Table legend:
 A = Turns spent in this place as a percentage of turns spent in the entire game.
 B = Non-inter-level travel turns spent in this place as a percentage of non-inter-level travel turns spent in the entire game.
 C = Inter-level travel turns spent in this place as a percentage of turns spent in this place.
 D = Turns resting spent in this place as a percentage of non-inter-level travel turns spent in this place.
 E = Turns spent auto-exploring this place as a percentage of non-inter-level travel turns spent in this place.
 F = Non-inter-level travel turns spent in this place divided by the number of levels of this place that you've seen.
                   A       B       C       D       E      F
               +-------+-------+-------+-------+-------+----------------------
         Total | 100.0 | 100.0 |   0.0 |   1.4 |  10.8 | 139.5
       Dungeon | 100.0 | 100.0 |   0.0 |   1.4 |  10.8 | 139.5
               +-------+-------+-------+-------+-------+----------------------

Table legend:
 A = Kills in this place as a percentage of kills in entire the game.
 B = Kills by you in this place as a percentage of kills by you in the entire game.
 C = Kills by friends in this place as a percentage of kills by friends in the entire game.
 D = Other kills in this place as a percentage of other kills in the entire game.
 E = Experience gained in this place as a percentage of experience gained in the entire game.
 F = Experience gained in this place divided by the number of levels of this place that you have seen.
                   A       B       C       D       E      F
               +-------+-------+-------+-------+-------+----------------------
         Total | 100.0 | 100.0 |  -nan |  -nan | 100.0 |  25.0
       Dungeon | 100.0 | 100.0 |  -nan |  -nan | 100.0 |  25.0
               +-------+-------+-------+-------+-------+----------------------

Vault maps used:
D:1:      minmay_arrival_cross
D:2:      first_bread
